 Dungeon Crawl Stone Soup version 0.28-a0-589-g333b8329f1 (webtiles) character file.

Game seed: 12589220009716771731

97 Demosthentine the Poker (level 4, -3/35 HPs)
             Began as a Merfolk Gladiator on Oct 4, 2021.
             Succumbed to a kobold's poison
             ... on level 2 of the Dungeon.
             The game lasted 00:01:45 (2657 turns).

Demosthentine the Poker (Merfolk Gladiator)         Turns: 2657, Time: 00:01:47

Health: -3/35      AC:  5    Str: 21    XL:     4   Next: 68%
Magic:  4/4        EV: 14    Int:  7    God:
Gold:   79         SH:  0    Dex: 15    Spells: 3/3 levels left

rFire   . . .      SeeInvis .   a - +0 trident
rCold   . . .      Faith    .   (no shield)
rNeg    . . .      Spirit   .   b - +0 leather armour
rPois   .          Reflect  .   c - +0 helmet
rElec   .          Harm     .   (no cloak)
rCorr   .          Rampage  .   (no gloves)
Will    .....                   n - +0 pair of boots
Stlth   +.........              (no amulet)
HPRegen 0.11/turn               p - +6 ring of strength
MPRegen 0.09/turn               (no ring)

@: lethally poisoned (-3 -> -24), attractive
A: (nimble swimmer 2), mertail
a: no special abilities


You were on level 2 of the Dungeon.
You visited 1 branch of the dungeon, and saw 3 of its levels.

You collected 92 gold pieces.
You spent 13 gold pieces at shops.

Inventory:

Hand Weapons
 a - a +0 trident (weapon)
Missiles
 d - 3 throwing nets (quivered)
Armour
 b - a +0 leather armour (worn)
 c - a +0 helmet (worn)
 n - a +0 pair of boots (worn)
Jewellery
 p - a +6 ring of strength (left hand)
Scrolls
 j - 2 scrolls of amnesia
 l - a scroll of fear
Potions
 f - a potion of mutation {unknown}
 g - a potion of lignification {unknown}
 h - a potion of invisibility {unknown}
 i - a potion of flight {unknown}
 k - 2 potions of resistance {unknown}
 m - a potion of haste {unknown}


   Skills:
 + Level 3.1 Fighting
 + Level 5.3 Polearms
 - Level 2.0 Throwing
 + Level 1.3 Armour
 + Level 4.9 Dodging


You had 3 spell levels left.
You didn't know any spells.
Your spell library was empty.

Dungeon Overview and Level Annotations

Branches:
Dungeon (3/15)

Altars:
Xom

Shops:
D:1 !


Innate Abilities, Weirdness & Mutations

((You are quick and stealthy near water. (Stealth+, EV+, Speed+++)))
Your lower body shifts to a powerful aquatic tail in water.


Message History

There is a stone staircase leading down here.
You puncture the orc!
You kill the orc!
You feel sick.
No target in view!
No target in view!
No target in view!
You start resting.
You feel sick. x5
You are no longer poisoned.
You start resting.
A goblin comes into view. It is wielding a +0 dagger.
You climb downwards.
The orc priest invokes the aid of Beogh against you.
Beogh smites you!
There is a stone staircase leading up here.
You completely miss the kobold. The kobold completely misses you.
The kobold hits you but does no damage.
You are poisoned.
You climb upwards.
You feel sick.
There is a stone staircase leading down here.
You barely miss the kobold.
You feel sick.
The kobold hits you with a +0 whip of venom.
You are lethally poisoned!
You are too injured to fight recklessly!
You are too injured to fight recklessly!
You are too injured to fight recklessly!
You closely miss the kobold.
* * * LOW HITPOINT WARNING * * *
You feel very sick.
The kobold hits you with a +0 whip of venom.
* * * LOW HITPOINT WARNING * * *
You are more poisoned.
You closely miss the kobold.
* * * LOW HITPOINT WARNING * * *
You feel very sick. The kobold closely misses you.
Unknown command.
It was a potion of attraction.
You feel attractive to monsters.
You die...

..........# #.###.# #.##
..[.......###..#..# #.#
########..........# #.#
#..######### #.# #..# #.# #..#
#.# #### ###..#### #.#
...###.......###### #.########
##........##...K@)######.........
##..###...##....))........##....#
.###.#.......####.#######.##.....
#...#..###.#.####.# #.(......
⌠.8..#.# #......#.# #....#.#.
#..8.#.###...##.#.# #####....#.#.
∩#...#.....#....).# #............
#_#⌠#.########...## #.####..#.##.
.###### #...####.####..#.##.


You could see a kobold.

Vanquished Creatures
  3 adders (D:2)
  3 worms (D:2)
  5 orcs
  2 ball pythons (D:1)
  3 endoplasms
  4 giant cockroaches
  6 goblins
  3 hobgoblins
  8 jackals
  2 quokkas (D:2)
  5 bats (D:2)
  2 frilled lizards
  4 kobolds
  4 rats (D:1)
54 creatures vanquished.

Notes
Turn   | Place    | Note
-------+----------+-------------------------------------------
     0 | D:1      | Demosthentine the Merfolk Gladiator began the quest for the
                  | Orb.
     0 | D:1      | Reached XP level 1. HP: 16/16 MP: 1/1
   248 | D:1      | Reached XP level 2. HP: 9/23 MP: 2/2
   467 | D:1      | Found Etosoj's Distillery.
   477 | D:1      | Bought a potion of degeneration for 13 gold pieces
   817 | D:1      | Reached XP level 3. HP: 28/28 MP: 3/3
  1089 | D:2      | Found a shimmering altar of Xom.
  1122 | D:2      | Found a faded altar of an unknown god.
  1246 | D:2      | Reached skill level 5 in Polearms
  1341 | D:2      | Reached skill level 1 in Armour
  1672 | D:2      | Reached XP level 4. HP: 13/35 MP: 4/4
  2657 | D:2      | Succumbed to a kobold's poison

Illustrated notes

Levels and vault maps discovered:
D:1:      evilmike_arrival_rings, layout_basic, serial_shops, shop,
          minmay_misc_feat_alley
D:2:      layout_loops_cross, shapermc_ecumenical_altar_venn, basic_altar,
          minivault_5, minmay_unequal
D:3:      layout_basic, mainiacjoe_overflow_24_doors

Skill      XL: |  1  2  3 |
---------------+----------+-----
Polearms       | 5 |  5.3
Armour         | 1 |  1.3
Fighting       | 3 |  3.1
Throwing       | |  2.0
Dodging        | |  4.9

Action                   |  1- 3 |  4- 6 || total
-------------------------+-------+-------++-------
Melee: Trident           |   114 |    48 ||   162
  Use: Scroll            |     3 |     2 ||     5
       Potion            |       |     1 ||     1
 Stab: Sleeping          |     3 |     1 ||     4
Armor: Leather armour    |    19 |    16 ||    35
Dodge: Dodged            |    59 |    27 ||    86

Table legend: (Time is in decaauts)
 A = Elapsed time spent in this place.
 B = Non-inter-level travel time spent in this place.
 C = Inter-level travel time spent in this place.
 D = Time resting spent in this place.
 E = Time spent auto-exploring this place.
 F = Levels seen in this place.
 G = Mean time per level.
                   A        B        C        D        E       F      G
               +--------+--------+--------+--------+--------+-----+--------+
         Total |   2668 |   2568 |    100 |    260 |   1920 |   3 |  889.3 |
       Dungeon |   2668 |   2568 |    100 |    260 |   1920 |   3 |  889.3 |
               +--------+--------+--------+--------+--------+-----+--------+

Top non-repeatable levels by time:
     D:2: 1490 daAuts
     D:1: 1090 daAuts
     D:3: 88 daAuts
